 Dungeon Crawl Stone Soup version 0.27-a0-1248-g57ac2eb73c (webtiles) character file.

Game seed: 11221751881772152839

1674 Kinoniko the Cleaver (level 8, 0/87 HPs)
             Began as a Demonspawn Berserker on June 10, 2021.
             Was a Priest of Trog.
             Killed by nerve-wracking pain
             ... invoked by Menkaure
              (9 damage)
             ... on level 6 of the Dungeon.
             The game lasted 00:05:20 (5737 turns).

Kinoniko the Cleaver (Demonspawn Berserker)         Turns: 5737, Time: 00:05:20

Health: 0/87       AC: 10    Str: 20    XL:     8   Next: 70%
Magic:  8/8        EV:  8    Int:  8    God:    Trog [***...]
Gold:   283        SH:  8    Dex: 13    Spells: 7/7 levels left

rFire    . . .     SeeInvis .   a - +1 hand axe
rCold    . . .     Faith    .   g - +1 kite shield
rNeg     . . .     Spirit   .   d - +0 ring mail
rPois    .         Reflect  .   (helmet unavailable)
rElec    .         Harm     .   o - +2 cloak
rCorr    .         Rampage  .   s - +1 pair of gloves
Will     .....                  (no boots)
Stlth    ..........             (no amulet)
HPRegen  0.24/turn              (no ring)
MPRegen  0.11/turn              (no ring)

@: berserking, very quick
A: horns 3, ignite blood 1
a: Renounce Religion, Berserk, Trog's Hand


You were on level 6 of the Dungeon.
You worshipped Trog.
Trog was most pleased with you.
You visited 1 branch of the dungeon, and saw 6 of its levels.

You collected 283 gold pieces.

Inventory:

Hand Weapons
 a - a +1 hand axe (weapon)
Armour
 d - a +0 ring mail (worn)
 g - a +1 kite shield (worn)
 h - a +0 pair of gloves
 o - a +2 cloak (worn)
 s - a +1 pair of gloves (worn)
Jewellery
 t - a +6 ring of dexterity
Wands
 p - a wand of polymorph (9)
Scrolls
 c - 4 scrolls of teleportation
 j - a scroll of amnesia
 k - a scroll of holy word {unknown}
 q - 3 scrolls of identify
Potions
 b - 2 potions of heal wounds
 e - a potion of might {unknown}
 f - a potion of lignification {unknown}
 i - 3 potions of cancellation
 l - 2 potions of haste {unknown}
 m - a potion of attraction {unknown}
 n - a potion of brilliance {unknown}
 r - a potion of degeneration {unknown}
 u - a potion of ambrosia {unknown}


   Skills:
 - Level 3.0 Fighting
 * Level 10.5 Axes
 - Level 1.7 Armour
 - Level 1.7 Dodging


You had 7 spell levels left.
You didn't know any spells.
Your spell library contained the following spells:

 Spells                   Type           Power      Damage    Failure   Level
 Animate Skeleton         Necr           0%         N/A       99%         1
 Pain                     Necr           0%         1d4       99%         1
 Vampiric Draining        Necr           0%         2d6       100%        3
 Animate Dead             Necr           0%         N/A       100%        4
 Agony                    Necr           0%         N/A       100%        5


Dungeon Overview and Level Annotations

Branches:
Dungeon (6/15)             Temple (0/1) D:4

Altars:
Gozag
Makhleb
Nemelex Xobeh
Qazlal
Ru
Uskayaw
Yredelemnul
Zin

Annotations:
D:3 1 runed translucent door
D:6 Menkaure


Innate Abilities, Weirdness & Mutations

You have a pair of large horns on your head.
Your demonic aura sometimes causes spilled blood to erupt in flames.


Message History

No target in view!
No target in view!
No target in view!
No target in view!
No target in view!
You start resting.
You feel a strong urge to attack something.
You start resting.
You are no longer berserk.
You are exhausted.
You feel yourself slow down.
You start resting.
HP restored.
You start waiting.
You feel yourself speed up.
You start waiting.
You recover from your berserk rage.
Menkaure, Prince of Dust comes into view.
Menkaure shouts!
Menkaure gestures wildly while chanting.
Menkaure seems to speed up.
Found a scroll labelled OCETEYTHAGG and a scroll labelled RAREIMM HURHE.
Menkaure hums in an indecipherable tongue.
Menkaure calls on the powers of darkness!
Your body is wracked with pain!
Found a scroll labelled LUCKUOH ROWN.
A hound comes into view.
Menkaure hits you!
Menkaure calls on the powers of darkness!
Your body is wracked with pain!
* * * LOW HITPOINT WARNING * * *
The hound convulses!
A red film seems to cover your vision as you go berserk!
You feel yourself moving faster!
You feel mighty! Menkaure hits you!
* * * LOW HITPOINT WARNING * * *
You hit Menkaure. You headbutt Menkaure.
Menkaure is heavily damaged.
Menkaure points at you and mumbles some strange words.
Pain shoots through your body!
You die...

......?.? .#....#
#.........##......#
..........#........
..........#........
..........#........
. .........#.....#..
....................
.....##....#........
.....hM@............
+#..?##.............
... #.......#......
. .#..............
................
............#....
.......#...........
..##..............#
................+


You could see Menkaure (fast) and a hound.

Vanquished Creatures
  A wyvern (D:5)
  Sigmund (D:3)
  An ice beast (D:5)
  2 necrophages (D:5)
  2 ogres
  2 phantoms
  4 scorpions (D:5)
  A water moccasin skeleton (D:4)
  A bullfrog zombie (D:5)
  2 jellies
  3 hounds
  A centaur skeleton (D:4)
  2 orc wizards (D:4)
  2 iguanas
  A scorpion zombie (D:5)
  2 howler monkey zombies
  6 adders
  An ufetubus (D:4)
  2 adder skeletons
  3 dart slugs (D:4)
  10 orcs
  7 ball pythons
  6 bats
  An endoplasm (D:3)
  4 giant cockroaches
  4 goblins
  12 hobgoblins
  4 jackals (D:4)
  4 quokkas
  2 frilled lizards (D:1)
  7 kobolds
  A kobold skeleton (D:3)
  13 rats
115 creatures vanquished.

Vanquished Creatures (others)
  5 plants (D:1)
  4 toadstools (D:1)
9 creatures vanquished.

Grand Total: 124 creatures vanquished

Notes
Turn   | Place    | Note
-------+----------+-------------------------------------------
     0 | D:1      | Kinoniko the Demonspawn Berserker began the quest for the
                  | Orb.
     0 | D:1      | Reached XP level 1. HP: 18/18 MP: 1/1
   161 | D:1      | Reached skill level 3 in Axes
   447 | D:1      | Gained mutation: You have a pair of small horns on your
                  | head. [demonic ancestry]
   447 | D:1      | Reached XP level 2. HP: 24/24 MP: 2/2
   613 | D:1      | Found a faded altar of an unknown god.
  1541 | D:2      | Gained mutation: Your demonic aura sometimes causes spilled
                  | blood to erupt in flames. [demonic ancestry]
  1541 | D:2      | Reached XP level 3. HP: 29/29 MP: 3/3
  1989 | D:3      | Reached skill level 4 in Axes
  2273 | D:3      | Reached ** piety under Trog
  2409 | D:3      | Found a runed translucent door.
  2409 | D:3      | Noticed a human
  2412 | D:3      | Found a basalt altar of Yredelemnul.
  2415 | D:3      | Noticed Sigmund
  2421 | D:3      | Gained mutation: You have a pair of horns on your head.
                  | [demonic ancestry]
  2421 | D:3      | Reached XP level 4. HP: 31/35 MP: 4/4
  2424 | D:3      | Killed Sigmund
  2425 | D:3      | Reached skill level 5 in Axes
  2425 | D:3      | Reached XP level 5. HP: 41/41 MP: 5/5
  2700 | D:3      | Found a hide-covered altar of Uskayaw.
  2982 | D:4      | Found a stormy altar of Qazlal.
  2990 | D:4      | Reached skill level 6 in Axes
  2997 | D:4      | Gained mutation: You have a pair of large horns on your
                  | head. [demonic ancestry]
  2997 | D:4      | Reached XP level 6. HP: 47/47 MP: 6/6
  3213 | D:4      | Found a sacrificial altar of Ru.
  3313 | D:4      | Found a staircase to the Ecumenical Temple.
  3324 | D:4      | Reached skill level 7 in Axes
  3646 | D:4      | Reached *** piety under Trog
  3649 | D:4      | Reached XP level 7. HP: 52/52 MP: 7/7
  3749 | D:4      | Found a burning altar of Makhleb.
  3751 | D:4      | Noticed a blizzard demon
  3754 | D:4      | Noticed an angel
  3833 | D:5      | Entered Level 5 of the Dungeon
  3928 | D:5      | Reached skill level 8 in Axes
  4505 | D:5      | Noticed a wyvern
  4510 | D:5      | Killed a wyvern
  4511 | D:5      | Reached skill level 9 in Axes
  4511 | D:5      | Reached XP level 8. HP: 58/58 MP: 8/8
  5188 | D:5      | Reached skill level 10 in Axes
  5516 | D:5      | Found a sparkling altar of Nemelex Xobeh.
  5516 | D:5      | Found an opulent altar of Gozag.
  5731 | D:6      | Noticed Menkaure
  5737 | D:6      | Killed from afar by Menkaure

Illustrated notes

Levels and vault maps discovered:
D:1:      ldierk_water_garden, layout_rooms, serial_forest,
          infiniplex_forest_3_way, infiniplex_forest_side_room,
          infiniplex_forest_lined_3, infiniplex_forest_diagonal,
          infiniplex_forest_lined_3, infiniplex_forest_pool,
          infiniplex_forest_lined_corner, infiniplex_forest_clump_double,
          infiniplex_forest_clump_medium, chequers_ecumenical_altar_grove,
          minmay_3d_cube
D:2:      layout_loops_ring
D:3:      layout_basic, dk_yredelemnul_ordeal, amcnicky_altar_gilded,
          uniq_sigmund
D:4:      layout_basic, grunt_temple_overflow_order_and_chaos_2,
          nicolae_ru_great_annihilating_truth, overflow_temple_1_default,
          minmay_temple_entry_waves, hangedman_abyss_or_decor_lesser_grid,
          chequers_garden, minmay_misc_feat_more_columns, feat_on_display
D:5:      layout_layer_cave, grunt_temple_overflow_opulence,
          portal_sewer_entry_e, grunt_ministairs_6, st_stairs_12
D:6:      layout_basic, minivault_27, uniq_menkaure

Skill      XL: |  1  2  3  4  5  6  7  8 |
---------------+-------------------------+-----
Axes           | 3 4 5 6 7 9 10 | 10.5
Fighting       | |  3.0
Armour         | |  1.7
Dodging        | |  1.7

Action                   |  1- 3 |  4- 6 |  7- 9 || total
-------------------------+-------+-------+-------++-------
Melee: Hand axe          |   122 |    83 |   100 ||   305
       Headbutt          |    13 |    26 |    23 ||    62
Invok: Berserk           |     2 |     6 |    10 ||    18
  Use: Scroll            |       |     7 |     1 ||     8
 Stab: Sleeping          |     1 |       |       ||     1
       Paralysed         |       |     1 |       ||     1
Armor: Animal skin       |     7 |       |       ||     7
       Ring mail         |    35 |    31 |    31 ||    97
Dodge: Dodged            |    68 |    25 |    24 ||   117
Block: Kite shield       |    18 |    29 |    36 ||    83

Table legend: (Time is in decaauts)
 A = Elapsed time spent in this place.
 B = Non-inter-level travel time spent in this place.
 C = Inter-level travel time spent in this place.
 D = Time resting spent in this place.
 E = Time spent auto-exploring this place.
 F = Levels seen in this place.
 G = Mean time per level.
                   A        B        C        D        E       F      G
               +--------+--------+--------+--------+--------+-----+--------+
         Total |   5962 |   5831 |    131 |   1093 |   4027 |   6 |  993.7 |
       Dungeon |   5962 |   5831 |    131 |   1093 |   4027 |   6 |  993.7 |
               +--------+--------+--------+--------+--------+-----+--------+

Top non-repeatable levels by time:
     D:5: 1912 daAuts
     D:1: 1307 daAuts
     D:3: 1022 daAuts
     D:4: 954 daAuts
     D:2: 677 daAuts
     D:6: 88 daAuts
